 Dungeon Crawl Stone Soup version 0.28.0-53-g5a82cb258f (webtiles) character file.

Game seed: 9470118429229266970

24775 Infinimo the Bludgeoner (level 13, -2/154 HPs)
             Began as an Ogre Gladiator on May 29, 2022.
             Was a Follower of Okawaru.
             Slain by a sixfirhy (9 damage)
             ... in a Gauntlet.
             The game lasted 00:21:27 (18690 turns).

Infinimo the Bludgeoner (Ogre Gladiator)           Turns: 18690, Time: 00:21:27

Health: -2/154     AC: 10    Str: 25    XL:     13   Next: 15%
Magic:  0/13       EV: 10    Int:  9    God:    Okawaru [*.....]
Gold:   638        SH:  0    Dex: 10    Spells: 12/12 levels left

rFire   . . .      SeeInvis .   n - +9 giant spiked club (spect)
rCold   . . .      Faith    .   (shield currently unavailable)
rNeg    . . .      Spirit   +   D - +0 troll leather armour
rPois   .          Reflect  .   c - +1 hat
rElec   .          Harm     .   (no cloak)
rCorr   .          Rampage  .   (gloves unavailable)
Will    +....      NoTele   +   (boots unavailable)
Stlth   +.........              f - amulet of guardian spirit
HPRegen 1.15/turn               s - +4 ring of slaying
MPRegen 0.13/turn               j - +4 ring of protection

@: hasted, very quick
A: large, unfitting armour, tough skin 1
a: Renounce Religion, Heroism


You were in a Gauntlet.
You worshipped Okawaru.
Okawaru was aware of your devotion.
You visited 3 branches of the dungeon, and saw 14 of its levels.
You also visited: Trove and Gauntlet.

You collected 638 gold pieces.

Inventory:

Hand Weapons
 n - a +9 spectral giant spiked club (weapon)
 z - a +1 vorpal morningstar
Missiles
 a - 16 large rocks
 d - 2 throwing nets (quivered)
 v - 2 curare-tipped darts
Armour
 c - a +1 hat (worn)
 D - a +0 troll leather armour (worn)
Jewellery
 f - an amulet of guardian spirit (around neck)
 j - a +4 ring of protection (right hand)
 s - a +4 ring of slaying (left hand)
 w - a ring of positive energy
 A - a ring of protection from cold
 F - a ring of ice
 G - the ring "Iluenuz" {rCorr MP+9 Str+2}
   (You found it on level 10 of the Dungeon)

   [ring of resist corrosion]

   Str:       It affects your strength (+2).
   MP:        It affects your magic capacity (+9).
   rCorr:     It protects you from acid and corrosion.
Wands
 m - a wand of iceblast (28)
 y - a wand of acid (4)
 C - a wand of polymorph (3)
 H - a wand of mindburst (8)
 J - a wand of paralysis (8)
 K - a wand of digging (4)
Scrolls
 b - a scroll of amnesia
 e - a scroll of enchant weapon
 i - 2 scrolls of magic mapping
 k - 10 scrolls of teleportation
 l - 12 scrolls of identify
 o - 7 scrolls of enchant armour
 t - 4 scrolls of fog
Potions
 g - a potion of ambrosia
 h - 6 potions of curing
 p - a potion of cancellation
 q - 2 potions of degeneration
 r - a potion of mutation
 u - 2 potions of might
 x - 3 potions of magic
 E - a potion of flight


   Skills:
 + Level 16.3 Fighting
 * Level 16.4 Maces & Flails
 - Level 2.0 Throwing
 - Level 2.6 Dodging


You had 12 spell levels left.
You didn't know any spells.
Your spell library contained the following spells:

 Spells                   Type           Power      Damage    Failure   Level
 Magic Dart               Conj           0%         1d3       43%         1
 Searing Ray              Conj           0%         2d4       56%         2
 Static Discharge         Conj/Air       0%         N/A       56%         2
 Dazzling Flash           Conj/Hex       0%         N/A       80%         3
 Dispel Undead            Necr           0%         3d6       99%         4
 Fulminant Prism          Conj/Hex       0%         3d6       99%         4
 Sticky Flame             Conj/Fire      0%         2d3       99%         4
 Agony                    Necr           0%         N/A       100%        5
 Silence                  Hex/Air        0%         N/A       100%        5


Dungeon Overview and Level Annotations

Branches:
Dungeon (11/15)            Temple (1/1) D:6            Lair (2/6) D:9
    Orc (0/2) D:9         Gauntlet (1/1)
  Swamp: Lair:2-4    Shoals: Lair:2-4     Snake: Lair:2-4    Spider: Lair:2-4

Altars:
Ashenzari
Cheibriados
Dithmenos
Elyvilon
Fedhas
Gozag
Hepliaklqana
Kikubaaqudgha
Makhleb
Nemelex Xobeh
Okawaru
Qazlal
Ru
Sif Muna
Trog
Uskayaw
Vehumet
Wu Jian
Xom
Yredelemnul
Zin
The Shining One

Annotations:
D:6 1 runed translucent door, Infinimo's ghost, novice OgGl Gauntlet 9 transporters


Innate Abilities, Weirdness & Mutations

You are too large for most types of armour.
You have tough skin. (AC +1)


Message History

The sixfirhy barely misses you. x2
Unknown command.
You miss the sixfirhy.
Your +9 spectral giant spiked club hits the sixfirhy!
The sixfirhy closely misses you.
The sixfirhy hits you but does no damage.
The sixfirhy hits you. The sixfirhy shocks you!
Unknown command.
You are too injured to fight recklessly!
You are too injured to fight recklessly!
You impale the sixfirhy!!
You kill the sixfirhy!
Okawaru accepts your kill.
The sixfirhy hits you but does no damage.
The sixfirhy hits you. The sixfirhy shocks you! The sixfirhy hits you.
The sixfirhy shocks you!
The sixfirhy hits you but does no damage.
Unknown command.
Okay, then.
You impale the sixfirhy!!
The sixfirhy is severely wounded.
Your +9 spectral giant spiked club closely misses the sixfirhy.
The sixfirhy hits you. The sixfirhy shocks you!
* * * LOW HITPOINT WARNING * * *
The sixfirhy hits you.
* * * LOW HITPOINT WARNING * * *
The sixfirhy shocks you!
* * * LOW HITPOINT WARNING * * *
The sixfirhy hits you.
* * * LOW HITPOINT WARNING * * *
The sixfirhy shocks you!
* * * LOW HITPOINT WARNING * * *
Okay, then.
Okay, then.
You feel yourself speed up.
The sixfirhy hits you but does no damage. x2
The sixfirhy misses you. The sixfirhy hits you!
* * * LOW HITPOINT WARNING * * *
The sixfirhy shocks you!
You die...

#################################
.................................
.................................
########...###########...########
.....*3#.8.#.........#.8.##.##..©
.....#3#...#....§....#...#.#..#..
##.##.x#####!..§.....######}....#
##.##..#...#!..§.§...#...#.####.#
#.©.#..#©.©#©...@3...#©.©#©.##.#.
##.##..#...#.....3...#...#?####.P
##.##..#####[........#####.##.#.#
.....#.#...#.........#...#....##.
.......#...#.........#...##.#.#P#
########...###########...########
......§..§.............≈.........
........§8≈...........≈8§........
.........§§............≈.........


You could see 2 sixfirhies.

Vanquished Creatures
  A hydra (Lair:2)
  A boulder beetle (D:8)
  A catoblepas (D:8)
  3 centaur warriors (D:8)
  2 sixfirhies (Gauntlet)
  Pikel (D:8)
  A wizard (D:10)
  A worldbinder (Gauntlet)
  2 cyclopes
  2 manticores
  Maggie (D:6)
  5 cane toads
  A rime drake (Lair:2)
  A komodo dragon (shapeshifter) (D:8)
  A komodo dragon (Lair:2)
  4 trolls
  Prince Ribbit (D:8)
  A polar bear (Lair:1)
  2 blink frogs (Lair:2)
  Grinder (D:4)
  3 wraiths
  2 shadows
  Sigmund (D:4)
  30 yaks
  A vampire (D:11)
  2 wyverns
  A basilisk (D:9)
  Eustachio (D:6)
  A steam dragon (D:8)
  Duvessa (D:6)
  2 wargs (D:9)
  7 water moccasins
  7 orc warriors
  An ice beast (D:8)
  A hornet zombie (D:8)
  5 ogres
  2 boggarts (Gauntlet)
  3 phantoms (D:6)
  3 centaurs
  A lemure (D:8)
  6 kobold brigands
  6 bullfrogs (Lair:1)
  Blork the orc (D:6)
  6 gnoll sergeants
  2 scorpions
  Dowan (D:6)
  10 killer bees
  A water moccasin skeleton (D:6)
  12 wights
  A bullfrog zombie (D:6)
  6 centaur zombies
  5 orc priests
  2 gnoll shamans
  3 hounds
  A bullfrog skeleton (D:3)
  A centaur skeleton (D:6)
  3 iguanas
  9 orc wizards
  A hound skeleton (D:4)
  A howler monkey zombie (D:7)
  14 gnolls
  4 adders
  A river rat (D:5)
  A white imp (D:4)
  An ufetubus (D:6)
  A worm (D:2)
  A dart slug (D:2)
  26 orcs
  3 bats (D:3)
  4 endoplasms
  2 giant cockroaches
  A goblin (D:3)
  6 hobgoblins
  4 jackals (D:3)
  14 kobolds
  4 quokkas
  6 ball pythons
  3 rats
282 creatures vanquished.

Vanquished Creatures (others)
  3 demonic plants (Gauntlet)
  3 fungi (Lair:2)
  7 plants
13 creatures vanquished.

Grand Total: 295 creatures vanquished

Notes
Turn   | Place    | Note
-------+----------+-------------------------------------------
     0 | D:1      | Infinimo the Ogre Gladiator began the quest for the Orb.
     0 | D:1      | Reached XP level 1. HP: 22/22 MP: 1/1
   146 | D:1      | Found a faded altar of an unknown god.
   169 | D:1      | You fall into a shaft and drop 1 floor!
   699 | D:2      | Reached XP level 2. HP: 20/31 MP: 2/2
  1557 | D:3      | Reached XP level 3. HP: 34/37 MP: 3/3
  1763 | D:3      | Noticed a water moccasin
  1956 | D:3      | Killed a water moccasin
  1957 | D:3      | Reached XP level 4. HP: 35/49 MP: 4/4
  1957 | D:3      | Reached XP level 5. HP: 40/55 MP: 5/5
  3331 | D:4      | Reached skill level 5 in Maces & Flails
  3339 | D:4      | Reached skill level 5 in Fighting
  3339 | D:4      | Reached XP level 6. HP: 36/66 MP: 6/6
  4272 | D:4      | Reached XP level 7. HP: 74/74 MP: 7/7
  4390 | D:4      | Noticed Grinder
  4414 | D:4      | Killed Grinder
  4575 | D:4      | Noticed Sigmund
  4581 | D:4      | Killed Sigmund
  4825 | D:5      | Entered Level 5 of the Dungeon
  5083 | D:5      | Reached XP level 8. HP: 74/87 MP: 8/8
  6986 | D:6      | Noticed Infinimo's ghost (novice OgGl)
  6993 | D:6      | Found a staircase to the Ecumenical Temple.
  7252 | Temple   | Entered the Ecumenical Temple
  7563 | Temple   | Became a worshipper of Warmaster Okawaru
  7889 | D:6      | Noticed Duvessa
  7889 | D:6      | Noticed Dowan
  7911 | D:6      | Killed Duvessa
  7911 | D:6      | Reached * piety under Okawaru
  7933 | D:6      | Killed Dowan
  7934 | D:6      | Reached XP level 9. HP: 97/97 MP: 9/9
  7995 | D:6      | Noticed Blork the orc
  8002 | D:6      | Killed Blork the orc
  8035 | D:6      | Noticed Maggie
  8307 | D:6      | Killed Maggie
  8528 | D:6      | Found a runed translucent door.
  8754 | D:6      | Noticed Eustachio
  8768 | D:6      | Killed Eustachio
  9601 | D:7      | Reached skill level 10 in Maces & Flails
  9727 | D:7      | Reached skill level 10 in Fighting
 10385 | D:7      | Reached ** piety under Okawaru
 10955 | D:8      | Reached XP level 10. HP: 111/111 MP: 10/10
 11200 | D:8      | Noticed a boulder beetle
 11213 | D:8      | Killed a boulder beetle
 11493 | D:8      | Noticed a manticore
 11506 | D:8      | HP: 1/114 [manticore (9)]
 11507 | D:8      | Killed a manticore
 11507 | D:8      | Reached *** piety under Okawaru
 11896 | D:8      | Noticed a centaur warrior
 11901 | D:8      | Killed a centaur warrior
 11984 | D:8      | Noticed a centaur warrior
 11993 | D:8      | Killed a centaur warrior
 12179 | D:8      | Noticed a catoblepas
 12205 | D:8      | Reached **** piety under Okawaru
 12214 | D:8      | Noticed Pikel
 12253 | D:8      | Killed Pikel
 12254 | D:8      | Reached XP level 11. HP: 101/124 MP: 9/11
 12547 | D:8      | Noticed Prince Ribbit
 12570 | D:8      | Killed Prince Ribbit
 13019 | D:8      | Noticed a centaur warrior
 13029 | D:8      | Killed a catoblepas
 13269 | D:8      | Noticed a cyclops
 13273 | D:8      | Killed a cyclops
 13273 | D:8      | Reached ***** piety under Okawaru
 13341 | D:8      | Killed a centaur warrior
 13785 | D:9      | Found a staircase to the Orcish Mines.
 14385 | D:9      | Received a gift from Okawaru
 14926 | D:9      | Found a staircase to the Lair.
 15026 | D:9      | Found a white marble altar of Elyvilon.
 15304 | D:10     | Entered Level 10 of the Dungeon
 15530 | D:10     | Reached XP level 12. HP: 126/139 MP: 12/12
 16178 | D:10     | Identified the ring "Iluenuz" {rCorr MP+9 Str+2}
 16351 | D:11     | Reached skill level 15 in Maces & Flails
 16457 | D:11     | Reached skill level 15 in Fighting
 16684 | D:11     | Received a gift from Okawaru
 16877 | D:11     | Found a portal to a secret trove of treasure.
 17258 | Trove    | Entered a treasure trove
 17355 | Lair:1   | Entered Level 1 of the Lair of Beasts
 18364 | Lair:2   | Reached XP level 13. HP: 150/152 MP: 11/13
 18387 | Lair:2   | Found a gate leading to a gauntlet.
 18396 | Gauntlet | Entered a Gauntlet
 18396 | Gauntlet | Found a transporter.
 18396 | Gauntlet | Found a transporter.
 18405 | Gauntlet | Found a transporter.
 18405 | Gauntlet | Found a transporter.
 18405 | Gauntlet | Found a transporter.
 18405 | Gauntlet | Found a transporter.
 18417 | Gauntlet | Found a transporter.
 18419 | Gauntlet | Found a transporter.
 18425 | Gauntlet | Noticed a blizzard demon
 18429 | Gauntlet | Found a transporter.
 18437 | Gauntlet | Found a transporter.
 18454 | Gauntlet | Found a transporter.
 18458 | Gauntlet | Found a transporter.
 18690 | Gauntlet | HP: 7/154 [sixfirhy (7)]
 18690 | Gauntlet | Slain by a sixfirhy

Illustrated notes

Levels and vault maps discovered:
D:1:      sevenhm_arrival_forest_fort_large_4, layout_rooms,
          ebering_ecumenical_altar_rust
D:2:      layout_loops_ring, minmay_misc_feat_enclosed
D:3:      layout_basic
D:4:      layout_basic, uniq_sigmund, uniq_grinder
D:5:      layout_gridville, portal_sewer_entry_b
D:6:      layout_gridville, minmay_temple_entry_glass,
          hellmonk_ghost_happy_afterlife, uniq_duvessa, uniq_eustachio,
          uniq_maggie, uniq_blork_the_orc
D:7:      layout_layer_cave
D:8:      layout_basic, minmay_evil_grid, uniq_pikel, uniq_prince_ribbit1
D:9:      layout_rooms, elyvilon_altar_1, erik_lair_orcish_takeover,
          kennysheep_orc_monster_closet_entryway
D:10:     layout_basic, small_chamber_with_monster
D:11:     layout_loops_corners, nicolae_trove_entry_crossroad
Temple:   mainiacjoe_temple_hex_bubbles
Lair:1:   layout_cave_pods
Lair:2:   layout_gridlike, gauntlet_entry_generic, chequers_serial_rivers_room_b
Gauntlet: gammafunk_gauntlet_hard_choice
          [gammafunk_gauntlet_arena_split_diamond,
          gammafunk_gauntlet_arena_mazey, gammafunk_gauntlet_arena_teeth,
          gammafunk_gauntlet_arena_open, nicolae_gauntlet_arena_flowing_pool,
          nicolae_gauntlet_arena_blocks, nicolae_gauntlet_exit_dead_adventurers]

Skill      XL: |  1  2  3  4  5  6  7  8  9 10 11 12 |
---------------+-------------------------------------+-----
Fighting       | 3 4 5 7 8 10 12 14 16 | 16.3
Maces & Flails | 3 4 5 7 8 10 12 14 16 | 16.4
Throwing       | |  2.0
Dodging        | |  2.6

Action                   |  1- 3 |  4- 6 |  7- 9 | 10-12 | 13-15 || total
-------------------------+-------+-------+-------+-------+-------++-------
Melee: Flail             |    82 |   101 |   135 |       |       ||   318
       Punch             |       |     2 |     2 |    13 |       ||    17
       Morningstar       |       |       |   107 |   446 |       ||   553
       Giant spiked club |       |       |       |    57 |    15 ||    72
Throw: Large rock        |       |     5 |    34 |       |       ||    39
       Throwing net      |       |     1 |       |       |       ||     1
  Use: Scroll            |    10 |       |     6 |     8 |     1 ||    25
       Potion            |     3 |     1 |     1 |     1 |     2 ||     8
 Stab: Sleeping          |       |     1 |       |       |       ||     1
Armor: Robe              |    25 |    13 |    65 |       |       ||   103
       Skin              |    18 |       |       |       |       ||    18
       Steam dragon scal |       |       |    45 |    88 |       ||   133
       Troll leather arm |       |       |       |    73 |    18 ||    91
Dodge: Dodged            |    40 |    65 |   156 |   191 |    20 ||   472
